AoeStats
← кислород

Arabia

509116213Analyzed
1v1 RM · 6d ago on Sep 25, 2026· 56m 35s· 2 players
Game mode
Random Map
Map size
Tiny (2 player)
Population
200
Speed
Normal
Resources
Standard
Victory
Conquest
Starting age
Dark Age
Ending age
Imperial Age
RankedLock teamsTeams togetherTeam positionsShared explorationLock speedFull tech treeHidden civsTurbo modeCheats
Victory
Defeat
🇻🇳 Saxons · Vietnam
2188
+12
🇨🇦 Khitans · Canada
2102
-12
кислород
9:46 Loom
12:36 Feudal Age
13:40 Double-Bit Axe
15:28 Forging
16:04 Domestication
18:39 Scale Barding Armor
21:01 Castle Age
21:47 Wheelbarrow
21:17 Light Cavalry
22:00 Husbandry
22:21 Chain Barding Armor
36:36 Scale Mail Armor
51:21 Imperial Age
48:55 Fletching
51:51 Iron Casting
53:57 Imperial Age
53:52 Town Watch
54:44 Bow Saw
56:46 Plate Barding Armor
ÐàLat«Gô°Kµ»
6:47 Loom
8:53 Feudal Age
9:34 Double-Bit Axe
18:41 Castle Age
16:52 Horse Collar
17:32 Gold Mining
18:28 Fletching
19:45 Bodkin Arrow
23:00 Husbandry
23:32 Padded Archer Armor
28:42 Ballistics
30:53 Wheelbarrow
32:10 Stone Mining
36:50 Leather Archer Armor
53:27 Imperial Age
52:07 Heavy Plow
52:21 Bow Saw
53:55 Thumb Ring
54:21 Bracer
55:43 Conscription
54:52 Cranequins
Connection lost

Rejoining the realm…

Still unreachable

The connection could not be restored.

Session expired

The server has moved on; the page needs a fresh start.